Jets vs RedWings

Created - September 26, 2015 at 12:09

Simulating a Pre-Season

Goals
1 2 3 T
Jets 1 1 0 2
RedWings 0 0 0 0
Shots
1 2 3 T
Jets 8 8 9 25
RedWings 8 12 10 30

1st period

1. Jets , Melker Karlsson 1 (Brent Seabrook, Tobias Enstrom) at 8:27

Penalties :
Kevin Connauton (DET) for Hooking (Minor) at 3:06, Brandon Pirri (WPG) for Hooking (Minor) at 9:30, Tomas Plekanec (WPG) for Holding (Minor) at 12:27, Brent Seabrook (WPG) for Tripping (Minor) at 19:30

2nd period

2. Jets , Nick Bonino 1 (Korbinian Holzer, Anders Lee) at 19:49

Penalties :
Brent Seabrook (WPG) for Hooking (Minor) at 3:07, Zach Trotman (DET) for Holding (Minor) at 9:36

3rd period

No Goal

Penalties :
Brent Seabrook (WPG) for Holding (Minor) at 0:20, Sean Bergenheim (DET) for Hooking (Minor) at 3:19, Zach Trotman (DET) for Hooking (Minor) at 5:55, Paul Martin (DET) for Roughing (Minor) at 15:34, Patrick Eaves (WPG) for Tripping (Minor) at 15:34

Goalie Stats

Cory Schneider (WPG), 30 saves from 30 shots - (1.000), W, 2-0-0, 60:00 minutes
John Gibson (DET), 23 saves from 25 shots - (0.920), L, 0-2-0, 60:00 minutes

Players Stats for Jets

Player Name              G  A  P  +/- PIM S  H  SB GA TA FO     MP     PP MP  PK MP  
------------------------------------------------------------------------------------
Anders Lee               0  1  1   1  0   2  0  0  0  0  1/2    12:02   0:00   3:20 
Boyd Gordon              0  0  0   1  0   0  0  0  0  0  10/15  11:24   0:00   6:35 
Brandon Pirri            0  0  0   0  2   2  0  0  0  0  1/2    16:24   4:02   0:00 
Brent Seabrook           0  1  1   1  6   0  2  0  0  0  0/0    22:40   3:45   2:23 
Corey Perry              0  0  0   0  0   3  1  0  0  0  0/0    18:10   3:54   0:00 
Dylan Olsen              0  0  0   1  0   0  0  0  0  0  0/0    13:30   0:00   0:17 
Jamie Benn               0  0  0   0  0   1  2  0  0  0  2/2    19:41   3:54   0:00 
Joe Pavelski             0  0  0   0  0   6  0  0  0  0  12/22  20:48   3:54   1:07 
Kevin Klein              0  0  0   0  0   0  2  1  0  0  0/0    20:20   4:11   3:01 
Korbinian Holzer         0  1  1   1  0   0  0  0  0  0  0/0    14:50   0:00   2:24 
Melker Karlsson          1  0  1   1  0   2  0  0  0  0  0/2     4:49   0:00   0:00 
Nick Bonino              1  0  1   1  0   1  0  0  0  0  6/9     8:42   0:00   0:00 
Nicklas Grossmann        0  0  0   0  0   1  1  1  0  0  0/0    22:27   4:11   5:08 
Patrick Eaves            0  0  0   1  2   1  1  0  0  0  0/0     8:41   0:00   0:00 
Radim Vrbata             0  0  0   0  0   1  1  1  0  0  1/1    16:53   4:02   0:00 
Tobias Enstrom           0  1  1   1  0   0  0  6  0  0  0/0    26:10   3:45   6:37 
Tomas Plekanec           0  0  0   0  2   5  0  0  0  0  14/23  19:05   4:02   2:13 
Vernon Fiddler           0  0  0   1  0   0  1  0  0  0  1/1    11:24   0:00   6:35 

Players Stats for RedWings

Player Name              G  A  P  +/- PIM S  H  SB GA TA FO     MP     PP MP  PK MP  
------------------------------------------------------------------------------------
Alexandre Burrows        0  0  0   0  0   4  2  0  0  0  0/2    14:47   4:56   0:00 
Andrew Campbell          0  0  0   0  0   1  0  1  0  0  0/0    19:55   4:54   3:29 
Andrew Cogliano          0  0  0  -2  0   1  2  1  0  0  4/14   13:40   0:00   0:00 
David Pastrnak           0  0  0  -2  0   3  0  0  0  0  0/0    14:15   0:00   0:35 
Eric Gryba               0  0  0   0  0   1  3  2  0  0  0/0    19:55   4:54   3:29 
Filip Forsberg           0  0  0   0  0   2  1  0  0  0  0/0    23:00   4:56   4:35 
Jake Gardiner            0  0  0  -1  0   0  5  0  0  0  0/0    24:14   5:01   4:27 
Jonathan Drouin          0  0  0  -2  0   0  0  1  0  0  0/0    13:40   0:00   0:00 
Kevin Connauton          0  0  0  -1  2   0  3  1  0  0  0/0    16:42   0:00   0:00 
Loui Eriksson            0  0  0   0  0   2  0  0  0  0  0/0    18:01   4:59   2:47 
Mikhail Grabovski        0  0  0   0  0   1  0  1  0  0  4/10    4:17   0:00   0:00 
Paul Martin              0  0  0  -1  2   1  0  4  0  0  0/0    23:21   5:01   4:27 
Sam Gagner               0  0  0   0  0   3  0  0  0  0  8/17   17:18   4:56   0:00 
Sean Bergenheim          0  0  0   0  2   0  2  0  0  0  0/0     4:16   0:00   0:00 
Sean Monahan             0  0  0   0  0   5  0  1  0  0  14/34  25:40   4:59   5:08 
Tyler Toffoli            0  0  0   0  0   6  1  0  0  0  1/2    20:32   4:59   2:47 
Vincent Lecavalier       0  0  0   0  0   0  0  0  0  0  0/0     0:38   0:00   0:00 
Zach Trotman             0  0  0  -1  4   0  1  3  0  0  0/0    15:49   0:00   0:00 

3 Stars

1 - Cory Schneider (WPG)
2 - Melker Karlsson (WPG)
3 - Nick Bonino (WPG)

Power Play

Jets - 0 on 4 Attempt(s) - 0.00%
RedWings - 0 on 5 Attempt(s) - 0.00%

Penalty Kill

Jets - 5 on 5 Attempt(s) - 100.00% - Score 0 goal in Penalty Kill
RedWings - 4 on 4 Attempt(s) - 100.00% - Score 0 goal in Penalty Kill

Team Stat

Jets - Hits : 11 - Faceoff Wins : 48 - Blocked Shots : 9 - Penalty Minutes : 12
RedWings - Hits : 20 - Faceoff Wins : 31 - Blocked Shots : 15 - Penalty Minutes : 10

Official

Referees : Francois St. Laurent and Brad Meier
Linesman : Shandor Alphonso and Jay Sharrers

Game Notes

No Game Note

% Time on Ice - Jets

Lines # - Real PCT - Wanted PCT - Time Play
Normal Forward
1 - 36% - 40% - 14:16
2 - 31% - 36% - 12:23
3 - 22% - 15% - 8:42
4 - 12% - 9% - 4:49
Normal Defense
1 - 40% - 40% - 16:07
2 - 29% - 34% - 11:37
3 - 21% - 16% - 8:17
4 - 10% - 10% - 4:09
PP Forward
1 - 49% - 70% - 3:54
2 - 51% - 30% - 4:02
PP Defense
1 - 47% - 70% - 3:45
2 - 53% - 30% - 4:11
PK Forward
1 - 100% - 75% - 9:55
2 - 0% - 25% - 0:00
PK Defense
1 - 70% - 60% - 6:54
2 - 30% - 40% - 3:01
PK3 Forward
1 - 0% - 70%
2 - 0% - 30%
PK3 Defense
1 - 0% - 60%
2 - 0% - 40%
44 Forward
1 - 76% - 50% - 1:31
2 - 24% - 50% - 0:28
44 Defense
1 - 24% - 51% - 0:28
2 - 76% - 49% - 1:31
Last Minute Offensive  - 0:00
Last Minute Defensive  - 0:00
Total
Forward - 60:00
Defense - 60:00

% Time on Ice - RedWings

Lines # - Real PCT - Wanted PCT - Time Play
Normal Forward
1 - 31% - 35% - 12:22
2 - 25% - 35% - 9:51
3 - 34% - 20% - 13:40
4 - 11% - 10% - 4:17
Normal Defense
1 - 33% - 40% - 13:24
2 - 26% - 30% - 10:25
3 - 39% - 20% - 15:51
4 - 1% - 10% - 0:30
PP Forward
1 - 50% - 60% - 4:59
2 - 50% - 40% - 4:56
PP Defense
1 - 51% - 60% - 5:01
2 - 49% - 40% - 4:54
PK Forward
1 - 65% - 60% - 5:09
2 - 35% - 40% - 2:47
PK Defense
1 - 56% - 60% - 4:27
2 - 44% - 40% - 3:29
PK3 Forward
1 - 0% - 60%
2 - 0% - 40%
PK3 Defense
1 - 0% - 60%
2 - 0% - 40%
44 Forward
1 - 80% - 60% - 1:35
2 - 20% - 40% - 0:24
44 Defense
1 - 44% - 60% - 0:52
2 - 56% - 40% - 1:07
Last Minute Offensive  - 0:00
Last Minute Defensive  - 0:00
Total
Forward - 60:00
Defense - 60:00

Play by Play

1st period


0:01 of 1st period - Sam Gagner wins face-off versus Joe Pavelski in neutral zone.
1:08 of 1st period - Shot by Alexandre Burrows.
1:08 of 1st period - Stopped by Cory Schneider without a rebound.
1:09 of 1st period - Nick Bonino wins face-off versus Andrew Cogliano in Jets zone.
1:24 of 1st period - Shot by Patrick Eaves.
1:24 of 1st period - Stopped by John Gibson without a rebound.
1:25 of 1st period - Tomas Plekanec wins face-off versus Sean Monahan in RedWings zone.
1:37 of 1st period - Tomas Plekanec is hit by Eric Gryba and loses puck.
1:40 of 1st period - Shot by Kevin Klein.
1:40 of 1st period - Shot Blocked by Eric Gryba.
1:59 of 1st period - Off-side.
2:00 of 1st period - Boyd Gordon wins face-off versus Andrew Cogliano in neutral zone.
2:29 of 1st period - Shot by Melker Karlsson.
2:29 of 1st period - Stopped by John Gibson without a rebound.
2:30 of 1st period - Nick Bonino wins face-off versus Mikhail Grabovski in RedWings zone.
2:38 of 1st period - Nick Bonino is hit by Kevin Connauton and loses puck.
2:50 of 1st period - Anders Lee is hit by Kevin Connauton and loses puck.
3:06 of 1st period - Minor Penalty to Kevin Connauton for Hooking.
3:07 of 1st period - Sean Monahan wins face-off versus Joe Pavelski in RedWings zone.
3:20 of 1st period - Shot by Nicklas Grossmann.
3:20 of 1st period - Stopped by John Gibson without a rebound.
3:21 of 1st period - Sean Monahan wins face-off versus Tomas Plekanec in RedWings zone.
5:31 of 1st period - Icing by Zach Trotman.
5:32 of 1st period - Andrew Cogliano wins face-off versus Nick Bonino in RedWings zone.
5:48 of 1st period - Brent Seabrook is hit by Andrew Cogliano.
5:52 of 1st period - Shot by Anders Lee.
5:52 of 1st period - Shot Misses the Net.
6:34 of 1st period - Shot by Radim Vrbata.
6:34 of 1st period - Stopped by John Gibson without a rebound.
6:35 of 1st period - Jamie Benn wins face-off versus Sean Monahan in RedWings zone.
6:36 of 1st period - Shot by Joe Pavelski.
6:36 of 1st period - Shot Misses the Net.
6:42 of 1st period - Shot by Joe Pavelski.
6:42 of 1st period - Deflect By Jamie Benn.
6:42 of 1st period - Shot Misses the Net.
6:44 of 1st period - Shot by Jamie Benn.
6:44 of 1st period - Shot Misses the Net.
6:49 of 1st period - Joe Pavelski is hit by Eric Gryba and loses puck.
7:15 of 1st period - Shot by Jamie Benn.
7:15 of 1st period - Deflect By Corey Perry.
7:15 of 1st period - Shot Misses the Net.
7:17 of 1st period - Shot by Jamie Benn.
7:17 of 1st period - Shot Hit the Post.
7:19 of 1st period - Shot by Jamie Benn.
7:19 of 1st period - Shot Misses the Net.
7:47 of 1st period - Shot by Tomas Plekanec.
7:47 of 1st period - Stopped by John Gibson without a rebound.
7:48 of 1st period - Vernon Fiddler wins face-off versus Andrew Cogliano in RedWings zone.
7:55 of 1st period - Brent Seabrook is hit by Andrew Cogliano and loses puck.
8:27 of 1st period - Shot by Melker Karlsson.
8:27 of 1st period - Goal by Melker Karlsson - Jets : 1 - RedWings : 0.
8:28 of 1st period - Joe Pavelski wins face-off versus Sam Gagner in neutral zone.
8:48 of 1st period - Shot by Joe Pavelski.
8:48 of 1st period - Stopped by John Gibson with a rebound.
8:52 of 1st period - Shot by Jamie Benn.
8:52 of 1st period - Shot Misses the Net.
9:03 of 1st period - Icing by Filip Forsberg.
9:04 of 1st period - Sam Gagner wins face-off versus Tomas Plekanec in RedWings zone.
9:11 of 1st period - Shot by Filip Forsberg.
9:11 of 1st period - Stopped by Cory Schneider without a rebound.
9:12 of 1st period - Tomas Plekanec wins face-off versus Alexandre Burrows in Jets zone.
9:19 of 1st period - Shot by Radim Vrbata.
9:19 of 1st period - Shot Misses the Net.
9:30 of 1st period - Minor Penalty to Brandon Pirri for Hooking.
9:31 of 1st period - Sean Monahan wins face-off versus Boyd Gordon in Jets zone.
11:16 of 1st period - Shot by Loui Eriksson.
11:16 of 1st period - Shot Misses the Net.
11:44 of 1st period - Shot by Jonathan Drouin.
11:44 of 1st period - Shot Misses the Net.
11:57 of 1st period - Joe Pavelski is hit by Kevin Connauton and loses puck.
12:27 of 1st period - Minor Penalty to Tomas Plekanec for Holding.
12:28 of 1st period - Sam Gagner wins face-off versus Boyd Gordon in Jets zone.
12:35 of 1st period - Shot by Paul Martin.
12:35 of 1st period - Shot Misses the Net.
13:26 of 1st period - Shot by Tyler Toffoli.
13:26 of 1st period - Stopped by Cory Schneider without a rebound.
13:27 of 1st period - Sean Monahan wins face-off versus Boyd Gordon in Jets zone.
13:37 of 1st period - Icing by Eric Gryba.
13:38 of 1st period - Boyd Gordon wins face-off versus Sean Monahan in RedWings zone.
14:01 of 1st period - Shot by Andrew Campbell.
14:01 of 1st period - Shot Misses the Net.
14:03 of 1st period - Shot by Sean Monahan.
14:03 of 1st period - Stopped by Cory Schneider without a rebound.
14:04 of 1st period - Sam Gagner wins face-off versus Joe Pavelski in Jets zone.
14:15 of 1st period - Shot by Alexandre Burrows.
14:15 of 1st period - Shot Blocked by Tobias Enstrom.
14:17 of 1st period - Shot by Jake Gardiner.
14:17 of 1st period - Shot Blocked by Tobias Enstrom.
16:30 of 1st period - Anders Lee is hit by Alexandre Burrows and loses puck.
17:15 of 1st period - Shot by Joe Pavelski.
17:15 of 1st period - Shot Blocked by Andrew Campbell.
17:17 of 1st period - Shot by Joe Pavelski.
17:17 of 1st period - Stopped by John Gibson without a rebound.
17:18 of 1st period - Andrew Cogliano wins face-off versus Boyd Gordon in RedWings zone.
17:23 of 1st period - Shot by David Pastrnak.
17:23 of 1st period - Shot Misses the Net.
17:25 of 1st period - Shot by Jonathan Drouin.
17:25 of 1st period - Deflect By David Pastrnak.
17:25 of 1st period - Stopped by Cory Schneider with a rebound.
17:27 of 1st period - Shot by David Pastrnak.
17:27 of 1st period - Stopped by Cory Schneider with a rebound.
17:29 of 1st period - Shot by Kevin Connauton.
17:29 of 1st period - Shot Blocked by Nicklas Grossmann.
17:31 of 1st period - Shot by Andrew Cogliano.
17:31 of 1st period - Deflect By Jonathan Drouin.
17:31 of 1st period - Shot Misses the Net.
17:37 of 1st period - Shot by David Pastrnak.
17:37 of 1st period - Stopped by Cory Schneider without a rebound.
17:38 of 1st period - Mikhail Grabovski wins face-off versus Tomas Plekanec in Jets zone.
17:55 of 1st period - Tomas Plekanec is hit by Sean Bergenheim and loses puck.
18:03 of 1st period - Korbinian Holzer is hit by Jake Gardiner and loses puck.
18:09 of 1st period - Icing by Paul Martin.
18:10 of 1st period - Joe Pavelski wins face-off versus Mikhail Grabovski in RedWings zone.
18:10 of 1st period - Joe Pavelski is hit by Jake Gardiner.
18:23 of 1st period - Shot by Jamie Benn.
18:23 of 1st period - Shot Misses the Net.
18:25 of 1st period - Shot by Tobias Enstrom.
18:25 of 1st period - Deflect By Jamie Benn.
18:25 of 1st period - Shot Blocked by Paul Martin.
18:40 of 1st period - Icing by Jake Gardiner.
18:41 of 1st period - Sean Monahan wins face-off versus Brandon Pirri in RedWings zone.
18:48 of 1st period - Nicklas Grossmann is hit by Sean Bergenheim.
18:57 of 1st period - Icing by Kevin Klein.
18:58 of 1st period - Tomas Plekanec wins face-off versus Sam Gagner in Jets zone.
18:58 of 1st period - Radim Vrbata is hit by Tyler Toffoli.
19:27 of 1st period - Shot by Tyler Toffoli.
19:27 of 1st period - Stopped by Cory Schneider without a rebound.
19:28 of 1st period - Andrew Cogliano wins face-off versus Joe Pavelski in Jets zone.
19:30 of 1st period - Minor Penalty to Brent Seabrook for Tripping.
19:31 of 1st period - Boyd Gordon wins face-off versus Sam Gagner in Jets zone.
Goals for this period are 1 for Jets vs 0 for RedWings.
Shots for this period are 8 for Jets vs 8 for RedWings.

2nd period


0:01 of 2nd period - Boyd Gordon wins face-off versus Sean Monahan in neutral zone.
0:39 of 2nd period - Shot by Loui Eriksson.
0:39 of 2nd period - Stopped by Cory Schneider without a rebound.
0:40 of 2nd period - Boyd Gordon wins face-off versus Alexandre Burrows in Jets zone.
1:17 of 2nd period - Shot by Sam Gagner.
1:17 of 2nd period - Stopped by Cory Schneider without a rebound.
1:18 of 2nd period - Tyler Toffoli wins face-off versus Anders Lee in Jets zone.
1:24 of 2nd period - Nicklas Grossmann is hit by Jake Gardiner and loses puck.
2:33 of 2nd period - Icing by Sean Monahan.
2:34 of 2nd period - Sean Monahan wins face-off versus Tomas Plekanec in RedWings zone.
2:45 of 2nd period - Shot by Radim Vrbata.
2:45 of 2nd period - Deflect By Tomas Plekanec.
2:45 of 2nd period - Stopped by John Gibson without a rebound.
2:46 of 2nd period - Sam Gagner wins face-off versus Nick Bonino in RedWings zone.
2:46 of 2nd period - Sam Gagner is hit by Patrick Eaves.
2:56 of 2nd period - Shot by Sam Gagner.
2:56 of 2nd period - Shot Misses the Net.
2:59 of 2nd period - Icing by Tobias Enstrom.
3:00 of 2nd period - Sean Monahan wins face-off versus Nick Bonino in Jets zone.
3:07 of 2nd period - Minor Penalty to Brent Seabrook for Hooking.
3:08 of 2nd period - Boyd Gordon wins face-off versus Sean Monahan in Jets zone.
3:42 of 2nd period - Jake Gardiner is hit by Vernon Fiddler and loses puck.
4:09 of 2nd period - Icing by Sam Gagner.
4:10 of 2nd period - Anders Lee wins face-off versus Sam Gagner in RedWings zone.
4:36 of 2nd period - Shot by Andrew Campbell.
4:36 of 2nd period - Stopped by Cory Schneider with a rebound.
4:38 of 2nd period - Shot by Eric Gryba.
4:38 of 2nd period - Shot Blocked by Kevin Klein.
4:46 of 2nd period - Shot by Sam Gagner.
4:46 of 2nd period - Shot Misses the Net.
5:05 of 2nd period - Icing by Sean Monahan.
5:06 of 2nd period - Boyd Gordon wins face-off versus Sean Monahan in RedWings zone.
5:27 of 2nd period - Shot by Jonathan Drouin.
5:27 of 2nd period - Deflect By Andrew Cogliano.
5:27 of 2nd period - Stopped by Cory Schneider with a rebound.
7:09 of 2nd period - Boyd Gordon is hit by Filip Forsberg.
7:25 of 2nd period - Shot by Loui Eriksson.
7:25 of 2nd period - Shot Misses the Net.
7:27 of 2nd period - Shot by Sean Monahan.
7:27 of 2nd period - Shot Misses the Net.
7:29 of 2nd period - Shot by Alexandre Burrows.
7:29 of 2nd period - Stopped by Cory Schneider with a rebound.
7:31 of 2nd period - Shot by Loui Eriksson.
7:31 of 2nd period - Shot Blocked by Tobias Enstrom.
7:33 of 2nd period - Shot by Alexandre Burrows.
7:33 of 2nd period - Stopped by Cory Schneider with a rebound.
7:44 of 2nd period - Shot by Sean Monahan.
7:44 of 2nd period - Stopped by Cory Schneider without a rebound.
7:45 of 2nd period - Mikhail Grabovski wins face-off versus Tomas Plekanec in Jets zone.
7:45 of 2nd period - Mikhail Grabovski is hit by Kevin Klein.
8:15 of 2nd period - Shot by Sean Bergenheim.
8:15 of 2nd period - Shot Misses the Net.
9:10 of 2nd period - Shot by Jamie Benn.
9:10 of 2nd period - Shot Blocked by Jonathan Drouin.
9:15 of 2nd period - Jonathan Drouin is hit by Corey Perry and loses puck.
9:36 of 2nd period - Minor Penalty to Zach Trotman for Holding.
9:37 of 2nd period - Tomas Plekanec wins face-off versus Sean Monahan in RedWings zone.
9:38 of 2nd period - Shot by Radim Vrbata.
9:38 of 2nd period - Deflect By Tomas Plekanec.
9:38 of 2nd period - Shot Misses the Net.
9:40 of 2nd period - Shot by Tobias Enstrom.
9:40 of 2nd period - Shot Misses the Net.
9:42 of 2nd period - Shot by Tomas Plekanec.
9:42 of 2nd period - Stopped by John Gibson without a rebound.
9:43 of 2nd period - Brandon Pirri wins face-off versus Sean Monahan in RedWings zone.
10:14 of 2nd period - Shot by Radim Vrbata.
10:14 of 2nd period - Shot Misses the Net.
11:10 of 2nd period - Shot by Tyler Toffoli.
11:10 of 2nd period - Stopped by Cory Schneider without a rebound.
11:11 of 2nd period - Tomas Plekanec wins face-off versus Tyler Toffoli in Jets zone.
11:15 of 2nd period - Off-side.
11:16 of 2nd period - Tomas Plekanec wins face-off versus Sean Monahan in neutral zone.
13:38 of 2nd period - Shot by Tomas Plekanec.
13:38 of 2nd period - Shot Misses the Net.
13:40 of 2nd period - Shot by Tomas Plekanec.
13:40 of 2nd period - Stopped by John Gibson with a rebound.
13:56 of 2nd period - Shot by Sean Monahan.
13:56 of 2nd period - Shot Blocked by Radim Vrbata.
14:25 of 2nd period - Icing by Joe Pavelski.
14:26 of 2nd period - Joe Pavelski wins face-off versus Andrew Cogliano in Jets zone.
14:39 of 2nd period - Shot by Jamie Benn.
14:39 of 2nd period - Shot Misses the Net.
14:41 of 2nd period - Shot by Corey Perry.
14:41 of 2nd period - Stopped by John Gibson without a rebound.
14:42 of 2nd period - Mikhail Grabovski wins face-off versus Melker Karlsson in RedWings zone.
14:59 of 2nd period - Icing by Nicklas Grossmann.
15:00 of 2nd period - Boyd Gordon wins face-off versus Sam Gagner in Jets zone.
15:58 of 2nd period - Shot by Alexandre Burrows.
15:58 of 2nd period - Shot Blocked by Tobias Enstrom.
16:00 of 2nd period - Shot by Paul Martin.
16:00 of 2nd period - Stopped by Cory Schneider with a rebound.
16:24 of 2nd period - Shot by Alexandre Burrows.
16:24 of 2nd period - Stopped by Cory Schneider without a rebound.
16:25 of 2nd period - Tomas Plekanec wins face-off versus Andrew Cogliano in Jets zone.
16:32 of 2nd period - Shot by Radim Vrbata.
16:32 of 2nd period - Shot Blocked by Andrew Cogliano.
16:34 of 2nd period - Shot by Tomas Plekanec.
16:34 of 2nd period - Shot Misses the Net.
16:38 of 2nd period - Shot by Brandon Pirri.
16:38 of 2nd period - Stopped by John Gibson without a rebound.
16:39 of 2nd period - Nick Bonino wins face-off versus Mikhail Grabovski in RedWings zone.
16:52 of 2nd period - Shot by Anders Lee.
16:52 of 2nd period - Shot Blocked by Mikhail Grabovski.
16:55 of 2nd period - Icing by Mikhail Grabovski.
16:56 of 2nd period - Tomas Plekanec wins face-off versus Mikhail Grabovski in RedWings zone.
17:10 of 2nd period - Icing by Sean Bergenheim.
17:11 of 2nd period - Joe Pavelski wins face-off versus Mikhail Grabovski in RedWings zone.
17:12 of 2nd period - Shot by Corey Perry.
17:12 of 2nd period - Shot Blocked by Eric Gryba.
17:15 of 2nd period - Icing by Sean Monahan.
17:16 of 2nd period - Jamie Benn wins face-off versus Mikhail Grabovski in RedWings zone.
17:17 of 2nd period - Shot by Joe Pavelski.
17:17 of 2nd period - Stopped by John Gibson without a rebound.
17:18 of 2nd period - Sam Gagner wins face-off versus Joe Pavelski in RedWings zone.
17:18 of 2nd period - Sam Gagner is hit by Jamie Benn.
17:38 of 2nd period - Shot by Joe Pavelski.
17:38 of 2nd period - Stopped by John Gibson without a rebound.
17:39 of 2nd period - Sean Monahan wins face-off versus Tomas Plekanec in RedWings zone.
17:57 of 2nd period - Icing by Nicklas Grossmann.
17:58 of 2nd period - Sam Gagner wins face-off versus Tomas Plekanec in Jets zone.
18:18 of 2nd period - Shot by Tomas Plekanec.
18:18 of 2nd period - Shot Blocked by Paul Martin.
18:28 of 2nd period - Shot by Sam Gagner.
18:28 of 2nd period - Stopped by Cory Schneider with a rebound.
18:34 of 2nd period - Jake Gardiner is hit by Radim Vrbata and loses puck.
18:55 of 2nd period - Shot by Joe Pavelski.
18:55 of 2nd period - Shot Blocked by Paul Martin.
19:27 of 2nd period - Shot by Alexandre Burrows.
19:27 of 2nd period - Shot Misses the Net.
19:29 of 2nd period - Shot by Eric Gryba.
19:29 of 2nd period - Stopped by Cory Schneider without a rebound.
19:30 of 2nd period - Nick Bonino wins face-off versus Andrew Cogliano in Jets zone.
19:49 of 2nd period - Shot by Nick Bonino.
19:49 of 2nd period - Goal by Nick Bonino - Jets : 2 - RedWings : 0.
19:50 of 2nd period - Tomas Plekanec wins face-off versus Sean Monahan in neutral zone.
19:59 of 2nd period - Shot by Radim Vrbata.
19:59 of 2nd period - Shot Misses the Net.
Goals for this period are 1 for Jets vs 0 for RedWings.
Shots for this period are 8 for Jets vs 12 for RedWings.

3rd period


0:01 of 3rd period - Joe Pavelski wins face-off versus Sean Monahan in neutral zone.
0:04 of 3rd period - Shot by Joe Pavelski.
0:04 of 3rd period - Shot Blocked by Paul Martin.
0:13 of 3rd period - Icing by Tobias Enstrom.
0:14 of 3rd period - Sam Gagner wins face-off versus Joe Pavelski in Jets zone.
0:20 of 3rd period - Minor Penalty to Brent Seabrook for Holding.
0:21 of 3rd period - Sean Monahan wins face-off versus Boyd Gordon in Jets zone.
0:21 of 3rd period - Jake Gardiner is hit by Nicklas Grossmann and loses puck.
0:28 of 3rd period - Shot by Sean Monahan.
0:28 of 3rd period - Stopped by Cory Schneider without a rebound.
0:29 of 3rd period - Boyd Gordon wins face-off versus Sean Monahan in Jets zone.
0:52 of 3rd period - Shot by Jake Gardiner.
0:52 of 3rd period - Shot Misses the Net.
1:10 of 3rd period - Shot by Loui Eriksson.
1:10 of 3rd period - Deflect By Tyler Toffoli.
1:10 of 3rd period - Stopped by Cory Schneider without a rebound.
1:11 of 3rd period - Boyd Gordon wins face-off versus Sam Gagner in Jets zone.
1:42 of 3rd period - Tomas Plekanec is hit by Eric Gryba.
2:22 of 3rd period - Icing by Jamie Benn.
2:23 of 3rd period - Andrew Cogliano wins face-off versus Joe Pavelski in Jets zone.
2:23 of 3rd period - Andrew Cogliano is hit by Brent Seabrook.
2:56 of 3rd period - David Pastrnak is hit by Brent Seabrook and loses puck.
3:01 of 3rd period - Shot by Jonathan Drouin.
3:01 of 3rd period - Shot Misses the Net.
3:06 of 3rd period - Off-side.
3:07 of 3rd period - Mikhail Grabovski wins face-off versus Tomas Plekanec in neutral zone.
3:19 of 3rd period - Minor Penalty to Sean Bergenheim for Hooking.
3:20 of 3rd period - Tomas Plekanec wins face-off versus Sean Monahan in RedWings zone.
3:37 of 3rd period - Shot by Tomas Plekanec.
3:37 of 3rd period - Stopped by John Gibson without a rebound.
3:38 of 3rd period - Joe Pavelski wins face-off versus Sean Monahan in RedWings zone.
3:47 of 3rd period - Shot by Corey Perry.
3:47 of 3rd period - Shot Misses the Net.
3:59 of 3rd period - Shot by Kevin Klein.
3:59 of 3rd period - Shot Misses the Net.
4:37 of 3rd period - Shot by Tobias Enstrom.
4:37 of 3rd period - Shot Misses the Net.
5:32 of 3rd period - Patrick Eaves is hit by Zach Trotman and loses puck.
5:54 of 3rd period - Shot by Nick Bonino.
5:54 of 3rd period - Shot Misses the Net.
5:55 of 3rd period - Minor Penalty to Zach Trotman for Hooking.
5:56 of 3rd period - Joe Pavelski wins face-off versus Sean Monahan in RedWings zone.
6:25 of 3rd period - Shot by Kevin Klein.
6:25 of 3rd period - Shot Misses the Net.
6:27 of 3rd period - Shot by Jamie Benn.
6:27 of 3rd period - Stopped by John Gibson without a rebound.
6:28 of 3rd period - Tomas Plekanec wins face-off versus Sean Monahan in RedWings zone.
7:30 of 3rd period - Shot by Jamie Benn.
7:30 of 3rd period - Shot Misses the Net.
7:36 of 3rd period - Shot by Jamie Benn.
7:36 of 3rd period - Shot Misses the Net.
7:56 of 3rd period - Shot by Patrick Eaves.
7:56 of 3rd period - Shot Misses the Net.
8:08 of 3rd period - Shot by Nick Bonino.
8:08 of 3rd period - Shot Misses the Net.
8:10 of 3rd period - Shot by Korbinian Holzer.
8:10 of 3rd period - Shot Blocked by Zach Trotman.
8:12 of 3rd period - Shot by Patrick Eaves.
8:12 of 3rd period - Shot Misses the Net.
8:44 of 3rd period - Icing by Kevin Connauton.
8:45 of 3rd period - Tomas Plekanec wins face-off versus Sam Gagner in RedWings zone.
8:54 of 3rd period - Shot by Radim Vrbata.
8:54 of 3rd period - Shot Blocked by Zach Trotman.
9:04 of 3rd period - Shot by Brandon Pirri.
9:04 of 3rd period - Shot Misses the Net.
9:06 of 3rd period - Shot by Brandon Pirri.
9:06 of 3rd period - Shot Blocked by Kevin Connauton.
10:09 of 3rd period - Shot by Joe Pavelski.
10:09 of 3rd period - Stopped by John Gibson without a rebound.
10:10 of 3rd period - Nick Bonino wins face-off versus Sean Monahan in RedWings zone.
10:21 of 3rd period - Shot by Patrick Eaves.
10:21 of 3rd period - Shot Misses the Net.
10:23 of 3rd period - Shot by Dylan Olsen.
10:23 of 3rd period - Shot Misses the Net.
10:26 of 3rd period - Patrick Eaves is hit by Jake Gardiner and loses puck.
10:43 of 3rd period - Shot by Anders Lee.
10:43 of 3rd period - Stopped by John Gibson without a rebound.
10:44 of 3rd period - Joe Pavelski wins face-off versus Andrew Cogliano in RedWings zone.
10:49 of 3rd period - Shot by Corey Perry.
10:49 of 3rd period - Shot Misses the Net.
11:50 of 3rd period - Off-side.
11:51 of 3rd period - Sean Monahan wins face-off versus Tomas Plekanec in neutral zone.
12:22 of 3rd period - Radim Vrbata is hit by Alexandre Burrows and loses puck.
12:45 of 3rd period - Shot by Sean Bergenheim.
12:45 of 3rd period - Shot Misses the Net.
12:49 of 3rd period - Shot by Mikhail Grabovski.
12:49 of 3rd period - Stopped by Cory Schneider without a rebound.
12:50 of 3rd period - Nick Bonino wins face-off versus Sean Monahan in Jets zone.
13:05 of 3rd period - Shot by Anders Lee.
13:05 of 3rd period - Shot Blocked by Zach Trotman.
13:15 of 3rd period - Shot by Anders Lee.
13:15 of 3rd period - Stopped by John Gibson without a rebound.
13:16 of 3rd period - Joe Pavelski wins face-off versus Andrew Cogliano in RedWings zone.
13:17 of 3rd period - Shot by Corey Perry.
13:17 of 3rd period - Stopped by John Gibson without a rebound.
13:18 of 3rd period - Joe Pavelski wins face-off versus Andrew Cogliano in RedWings zone.
13:24 of 3rd period - Icing by Paul Martin.
13:25 of 3rd period - Joe Pavelski wins face-off versus Andrew Cogliano in RedWings zone.
13:26 of 3rd period - Shot by Corey Perry.
13:26 of 3rd period - Stopped by John Gibson without a rebound.
13:27 of 3rd period - Tomas Plekanec wins face-off versus Sam Gagner in RedWings zone.
13:27 of 3rd period - Tomas Plekanec is hit by Jake Gardiner.
13:37 of 3rd period - Shot by Tyler Toffoli.
13:37 of 3rd period - Shot Misses the Net.
13:39 of 3rd period - Shot by Filip Forsberg.
13:39 of 3rd period - Shot Misses the Net.
13:45 of 3rd period - Shot by Filip Forsberg.
13:45 of 3rd period - Stopped by Cory Schneider with a rebound.
13:47 of 3rd period - Shot by Tyler Toffoli.
13:47 of 3rd period - Stopped by Cory Schneider without a rebound.
13:48 of 3rd period - Sean Monahan wins face-off versus Joe Pavelski in Jets zone.
14:30 of 3rd period - Shot by Joe Pavelski.
14:30 of 3rd period - Shot Hit the Post.
14:42 of 3rd period - Shot by Radim Vrbata.
14:42 of 3rd period - Deflect By Brandon Pirri.
14:42 of 3rd period - Stopped by John Gibson without a rebound.
14:43 of 3rd period - Tomas Plekanec wins face-off versus Sam Gagner in RedWings zone.
14:48 of 3rd period - Shot by Radim Vrbata.
14:48 of 3rd period - Shot Misses the Net.
15:07 of 3rd period - Shot by Tyler Toffoli.
15:07 of 3rd period - Shot Blocked by Tobias Enstrom.
15:34 of 3rd period - Minor Penalty to Paul Martin for Roughing.
15:34 of 3rd period - Minor Penalty to Patrick Eaves for Tripping.
15:35 of 3rd period - Sean Monahan wins face-off versus Joe Pavelski in RedWings zone.
15:35 of 3rd period - Sean Monahan is hit by Jamie Benn.
15:48 of 3rd period - Andrew Campbell is hit by Kevin Klein and loses puck.
16:15 of 3rd period - Shot by Joe Pavelski.
16:15 of 3rd period - Stopped by John Gibson without a rebound.
16:16 of 3rd period - Radim Vrbata wins face-off versus Sean Monahan in RedWings zone.
16:37 of 3rd period - Shot by Sean Monahan.
16:37 of 3rd period - Stopped by Cory Schneider with a rebound.
16:39 of 3rd period - Shot by Vincent Lecavalier.
16:39 of 3rd period - Shot Misses the Net.
16:41 of 3rd period - Shot by Sean Monahan.
16:41 of 3rd period - Shot Blocked by Tobias Enstrom.
16:43 of 3rd period - Shot by Sean Monahan.
16:43 of 3rd period - Stopped by Cory Schneider without a rebound.
16:44 of 3rd period - Joe Pavelski wins face-off versus Sean Monahan in Jets zone.
16:57 of 3rd period - Shot by Jamie Benn.
16:57 of 3rd period - Shot Blocked by Sean Monahan.
17:23 of 3rd period - Shot by Tyler Toffoli.
17:23 of 3rd period - Shot Misses the Net.
17:25 of 3rd period - Shot by Jake Gardiner.
17:25 of 3rd period - Shot Misses the Net.
17:27 of 3rd period - Shot by Loui Eriksson.
17:27 of 3rd period - Stopped by Cory Schneider with a rebound.
17:31 of 3rd period - Shot by Tyler Toffoli.
17:31 of 3rd period - Stopped by Cory Schneider with a rebound.
17:33 of 3rd period - Shot by Kevin Connauton.
17:33 of 3rd period - Shot Misses the Net.
18:31 of 3rd period - Shot by Tomas Plekanec.
18:31 of 3rd period - Shot Misses the Net.
19:12 of 3rd period - Shot by Tyler Toffoli.
19:12 of 3rd period - Deflect By Sam Gagner.
19:12 of 3rd period - Stopped by Cory Schneider without a rebound.
19:13 of 3rd period - Sean Monahan wins face-off versus Joe Pavelski in Jets zone.
19:57 of 3rd period - Icing by Andrew Campbell.
19:58 of 3rd period - Sean Monahan wins face-off versus Melker Karlsson in RedWings zone.
Goals for this period are 0 for Jets vs 0 for RedWings.
Shots for this period are 9 for Jets vs 10 for RedWings.